 Dungeon Crawl Stone Soup version 0.29-a0-284-gf9362112df (webtiles) character file.

Game seed: 1773157834631072705

45 spaghetti the Insei (level 3, -1/17 HPs)
             Began as a Vine Stalker Transmuter on Mar 21, 2022.
             Was an Initiate of Makhleb.
             Succumbed to a water moccasin's poison
             ... on level 4 of the Dungeon.
             The game lasted 00:03:53 (2427 turns).

spaghetti the Insei (Vine Stalker Transmuter)       Turns: 2427, Time: 00:03:54

Health: -1/17      AC:  2    Str: 12    XL:     3   Next: 64%
Magic:  0/7        EV: 12    Int: 13    God:    Makhleb [......]
Gold:   70         SH:  0    Dex: 16    Spells: 3/6 levels left

rFire   . . .      SeeInvis .     - Unarmed
rCold   . . .      Faith    .   (no shield)
rNeg    . . .      Spirit   +   a - +0 robe
rPois   .          Reflect  .   (helmet currently unavailable)
rElec   .          Harm     .   (no cloak)
rCorr   .          Rampage  .   (no gloves)
Will    .....                   (boots currently unavailable)
Stlth   +.........              (no amulet)
HPRegen 0.05/turn               (no ring)
MPRegen 0.10/turn               (no ring)

@: lethally poisoned (-1 -> -13), about to teleport, appendages, very slightly
contaminated
A: horns 2, talons 2, fangs 2, magic shield, antimagic bite, no potion heal 2
a: End Transformation, Renounce Religion


You were on level 4 of the Dungeon.
You worshipped Makhleb.
Makhleb was noncommittal.
You had temporarily grown beastly horns and talons.
You visited 1 branch of the dungeon, and saw 4 of its levels.

You collected 70 gold pieces.


Innate Abilities, Weirdness & Mutations

You have temporarily grown beastly horns and talons.
You have extremely sharp teeth.
When hurt, damage is shared between your health and your magic reserves.
Your bite disrupts and absorbs the magic of your enemies.
Potions cannot restore your health.


   Skills:
 + Level 0.9 Fighting
 - Level 1.5 Dodging
 * Level 4.0 Unarmed Combat
 - Level 2.1 Spellcasting
 + Level 2.8 Transmutations


You had 3 spell levels left.
You knew the following spells:

 Your Spells              Type           Power      Damage    Failure   Level
a - Beastly Appendage     Tmut           16%        N/A       8%          1
b - Wereblood             Tmut           8%         N/A       12%         2

Your spell library contained the following spells:

 Spells                   Type           Power      Damage    Failure   Level
 Spider Form              Tmut/Pois      5%         N/A       38%         3
 Ice Form                 Ice/Tmut       5%         N/A       80%         4

Inventory:

Missiles
 c - 54 stones {throwing}
Armour
 a - a +0 robe (worn)
Jewellery
 l - a ring of resist corrosion
   (You found it on level 4 of the Dungeon)
Scrolls
 d - a scroll of teleportation {@r4}
 f - a scroll of noise {unknown}
 g - a scroll of amnesia {unknown}
 j - a scroll of fog {unknown}
Potions
 b - a potion of lignification {!q}
 e - a potion of curing {unknown}
 h - a potion of ambrosia {unknown}
 i - a potion of mutation {unknown}
 k - a potion of cancellation {unknown}
 m - a potion of might {unknown}

Dungeon Overview and Level Annotations

Branches:
Dungeon (4/15)
 Temple: D:4-7

Altars:
Makhleb
Nemelex Xobeh
Qazlal
Vehumet
Wu Jian

Annotations:
D:4 2 transporters

.............####.####....
.................).......
)..........#############
#...######.#8≈#o5.....#P
##...## ##.#P.#≈≈≈≈≈≈≈#.
#.....# ##..#$.#..≈≈≈..#.
#.....# #..©#©$+..≈⌠≈..+/
##...oJ###...#$.#..≈≈≈..#.
.......oS.@.#.#P.#≈≈≈≈≈≈≈#.
###.....###.#.#8P#Ko..K.5#P
#..##.# #...#############
#.. ..# #.#.............. .
## ######.##.......######
.## ...........).## ..
.....##.#.#### #. #......#
#.## ####.###


You could see a water moccasin, 2 orcs and an endoplasm.


Message History

Your mp is fully restored (7).
Casting: Wereblood (safe; 12% risk of failure)
Confirm with . or Enter, or press ? or * to list all spells.
Your blood is infused with primal strength.
The quokka barely misses you. 😎 MP[-2]
You lost 2 mp, and now have 5/7 mp.
You barely miss the quokka. You bite the quokka. You drain its power.
You feel invigorated. The quokka barely misses you. 😎 MP[+2]
Your mp is fully restored (7).
You closely miss the quokka. The quokka closely misses you.
You hit the quokka.
You kill the quokka!
Makhleb accepts your kill.
There is a stone staircase leading up here.
Found a stone staircase leading down.
You howl as the wereblood boils in your veins!
Your primal bloodlust is almost over.
There is a stone staircase leading down here.
Your primal bloodlust has ended.
Key pressed, stopping explore.
A quokka comes into view.
You see here a +0 whip {mace}.
A quokka is nearby!
A quokka is nearby!
You hear the slow hiss of an avalanche of sand nearby.
The quokka closely misses you.
You closely miss the quokka. You bite the quokka, but do no damage.
The quokka bites you. 😕 HP[-3] MP[-1]
You take 3 damage, and now have 14/17 hp.
You lost 1 mp, and now have 6/7 mp.
You closely miss the quokka. The quokka completely misses you.
You hit the quokka. Your bite misses the quokka. The quokka closely misses you.
You hit the quokka.
You kill the quokka!
Makhleb accepts your kill.
The shadow imp shouts, "Away with thee, thou grime-gilt beef-witted slabber!"
The shadow imp shouts, "Out, out, thou baffled weeb-spouting minnow reeky!"
Key pressed, stopping explore.
You hear the hiss of an avalanche of sand nearby.
The kobold demonologist shouts!
The orc priest shouts!
The shadow imp shouts, "Get thee hence, thou fobbing clay-brained lewdster!"
An orc priest comes into view.
It is wielding a +0 whip. 😎 HP[+3] MP[+1]
Your hp is fully restored (17).
Your mp is fully restored (7).
Unknown command.
Unknown command.
Unknown command.
An orc priest is nearby!
An orc priest is nearby!
An orc priest is nearby!
An endoplasm and 3 orcs come into view.
The orc shouts!
The orc priest shouts!
You hear an angry hiss.
A water moccasin comes into view.
The orc shouts!
Casting: Wereblood (safe; 12% risk of failure)
Confirm with . or Enter, or press ? or * to list all spells.
You grow a pair of large bovine horns.
Your feet morph into talons.
The orc priest looks braver for a moment. 😎 MP[-1]
You lost 1 mp, and now have 6/7 mp.
Casting: Beastly Appendage (safe; 8% risk of failure)
Confirm with . or Enter, or press ? or * to list all spells.
You miscast Wereblood.
You are very lightly contaminated with residual magic.
Nothing appears to happen.
The orc priest looks encouraged for a moment.
The endoplasm misses you. 😎 MP[-2]
You lost 2 mp, and now have 4/7 mp.
The orc attacks as you move away! The orc hits you with a +0 whip.
The orc priest invokes the aid of Beogh against you.
Beogh smites you!
Ouch! That really hurt!
* * * LOW HITPOINT WARNING * * *
😨 HP[-12] MP[-3]
You take 12 damage, and now have 5/17 hp.
MASSIVE DAMAGE!! (PAUSE)
You lost 3 mp, and now have 1/7 mp.
Okay, then.
Okay, then.
As you read the scroll labelled MOEM COOF OLEU, it crumbles to dust.
You feel strangely unstable.
It was a scroll of teleportation.
The water moccasin misses you. The water moccasin bites you.
* * * LOW HITPOINT WARNING * * *
You are lethally poisoned!
The water moccasin poisons you! 😱 HP[-3] MP[-1]
You take 3 damage, and now have 2/17 hp.
You lost 1 mp, and now have 0/7 mp.
Unknown command.
Unknown command.
Okay, then.
The water moccasin attacks as you move away!
The water moccasin closely misses you.
You die...

Skill      XL: |  1  2  3 |
---------------+----------+-----
Unarmed Combat | 4 |  4.0
Fighting       | |  0.9
Dodging        | |  1.5
Spellcasting   | |  2.1
Transmutations | |  2.8

Action                   || total
-------------------------++-------
Melee: Unarmed           ||    64
       Bite              ||    18
       Headbutt          ||     5
       Kick              ||     5
       Punch             ||     3
 Cast: Beastly Appendage ||    15
       Wereblood         ||     5
  Use: Scroll            ||     1
Armor: Robe              ||    10
Dodge: Dodged            ||    64

Levels and vault maps discovered:
D:1:      psy_arrival_conway, layout_loops_cross,
          shapermc_ecumenical_altar_mp_highgroup, kennysheep_boxes
D:2:      layout_basic, minmay_misc_feat_doors, uniq_natasha
D:3:      layout_basic, nicolae_overflow_hallway_of_the_gods,
          serial_corexii_hall, corexii_hall_statues_x,
          corexii_hall_statues_deadend
D:4:      gammafunk_wand_slinger, layout_loops_cross,
          nicolae_overflow_crystal_walls, minmay_temple_entry_nine_rooms,
          enter_ossuary_4

Notes
Turn   | Place    | Note
-------+----------+-------------------------------------------
     0 | D:1      | spaghetti the Vine Stalker Transmuter began the quest for
                  | the Orb.
     0 | D:1      | Reached XP level 1. HP: 9/9 MP: 4/4
     0 | D:1      | magus.rc [v1.9.6]
   377 | D:1      | Reached XP level 2. HP: 8/14 MP: 6/6
   523 | D:1      | You fall into a shaft and drop 1 floor!
   861 | D:3      | Reached XP level 3. HP: 16/17 MP: 5/7
  1062 | D:3      | Learned a level 2 spell: Wereblood
  1563 | D:3      | Found an ornate altar of the Wu Jian Council.
  1571 | D:3      | Found a burning altar of Makhleb.
  1574 | D:3      | Found a sparkling altar of Nemelex Xobeh.
  1579 | D:3      | Found a radiant altar of Vehumet.
  1585 | D:3      | Found a stormy altar of Qazlal.
  1605 | D:3      | Became a worshipper of Makhleb the Destroyer
  2208 | D:4      | Noticed a kobold demonologist
  2213 | D:4      | Found a transporter.
  2215 | D:4      | Reached skill level 4 in Unarmed Combat
  2220 | D:4      | Found a transporter.
  2420 | D:4      | Noticed a water moccasin
  2426 | D:4      | HP: 2/17 [water moccasin (3)]
  2427 | D:4      | Succumbed to a water moccasin's poison

Vanquished Creatures
  An adder (D:3)
  A worm (D:3)
  3 orcs (D:3)
  An endoplasm (D:3)
  2 giant cockroaches
  3 goblins (D:3)
  2 hobgoblins
  A kobold (D:4)
  3 quokkas
  4 ball pythons
  2 bats
  5 frilled lizards
  A rat (D:1)
29 creatures vanquished.

Table legend:
 A = Non-vault XP
 B = Vault XP
 C = Vault XP percentage of total XP
 D = Non-vault monster count
 E = Vault monster count
 F = Vault count percentage of total count
                 A         B        C        D         E       F
            +---------+---------+-------+---------+---------+-------
      Total |      65 |       0 |   0.0 |      29 |       0 |   0.0
            +---------+---------+-------+---------+---------+-------
        D:1 |      10 |       0 |   0.0 |       9 |       0 |   0.0
        D:2 |       5 |       0 |   0.0 |       3 |       0 |   0.0
        D:3 |      42 |       0 |   0.0 |      13 |       0 |   0.0
        D:4 |       8 |       0 |   0.0 |       4 |       0 |   0.0
            +---------+---------+-------+---------+---------+-------

Illustrated notes

Table legend:
 A = Kills in this place as a percentage of kills in entire the game.
 B = Kills by you in this place as a percentage of kills by you in the entire game.
 C = Kills by friends in this place as a percentage of kills by friends in the entire game.
 D = Other kills in this place as a percentage of other kills in the entire game.
 E = Experience gained in this place as a percentage of experience gained in the entire game.
 F = Experience gained in this place divided by the number of levels of this place that you have seen.
                   A       B       C       D       E      F
               +-------+-------+-------+-------+-------+----------------------
         Total | 100.0 | 100.0 |   N/A |   N/A | 100.0 |  16.2
       Dungeon | 100.0 | 100.0 |   N/A |   N/A | 100.0 |  16.2
               +-------+-------+-------+-------+-------+----------------------

Table legend: (Time is in decaauts)
 A = Elapsed time spent in this place.
 B = Non-inter-level travel time spent in this place.
 C = Inter-level travel time spent in this place.
 D = Time resting spent in this place.
 E = Time spent auto-exploring this place.
 F = Levels seen in this place.
 G = Mean time per level.
                   A        B        C        D        E       F      G
               +--------+--------+--------+--------+--------+-----+--------+
         Total |   2426 |   2395 |     31 |    497 |   1637 |   4 |  606.5 |
       Dungeon |   2426 |   2395 |     31 |    497 |   1637 |   4 |  606.5 |
               +--------+--------+--------+--------+--------+-----+--------+

Top non-repeatable levels by time:
     D:3: 1402 daAuts
     D:1: 526 daAuts
     D:4: 280 daAuts
     D:2: 218 daAuts
